 Dungeon Crawl Stone Soup version 0.29.1-1-gd02db6906a (webtiles) character file.

Game seed: 18168329155849276356

5226 Zeld the Fighter (level 10, -4/111 HPs)
             Began as an Ogre Transmuter on Oct 7, 2022.
             Was an Initiate of Gozag.
             Slain by an orc warrior
             ... wielding a +0 scimitar
              (13 damage)
             ... on level 8 of the Dungeon.
             The game lasted 00:10:53 (13137 turns).

Zeld the Fighter (Ogre Transmuter)                 Turns: 13137, Time: 00:10:54

Health: -4/111     AC: -2    Str: 20    XL:     10   Next: 61%
Magic:  22/23      EV: 21    Int: 14    God:    Gozag
Gold:   146        SH:  0    Dex: 14    Spells: 17/27 levels left

rFire   . . .      SeeInvis .     - Unarmed
rCold   . . .      Faith    .   (shield currently unavailable)
rNeg    . . .      Spirit   .   (body armour currently unavailable)
rPois   x          Reflect  .   (helmet currently unavailable)
rElec   .          Harm     .   (cloak currently unavailable)
rCorr   .          Rampage  .   (gloves unavailable)
Will    +....                   (boots unavailable)
Stlth   +.........              (no amulet)
HPRegen 0.28/turn               (no ring)
MPRegen 0.18/turn               (no ring)

@: spider-form (expiring), corroded, gold aura
A: venomous fangs, tiny, unfitting armour, (tough skin 1)
a: End Transformation, Renounce Religion, Potion Petition, Call Merchant, Bribe
Branch


You were on level 8 of the Dungeon.
You worshipped Gozag.
Gozag was aware of your devotion.
You were a venomous arachnid creature.
You visited 2 branches of the dungeon, and saw 9 of its levels.
You also visited: Sewer.

You collected 1031 gold pieces.
You spent 98 gold pieces at shops.
You paid 787 gold pieces to Gozag.

Inventory:

Armour
 a - a +0 robe (melded)
 l - a +0 cloak (melded)
Wands
 n - a wand of flame (17)
 C - a wand of quicksilver (5)
Scrolls
 h - 2 scrolls of poison
 i - a scroll of brand weapon
 j - 2 scrolls of magic mapping
 t - 4 scrolls of enchant weapon
 u - 5 scrolls of teleportation
 y - a scroll of enchant armour
 z - a scroll of fear
Potions
 b - a potion of lignification
 c - a potion of haste {unknown}
 f - 2 potions of flight
 g - 3 potions of brilliance
 k - 2 potions of might
 m - 2 potions of mutation
 o - 3 potions of heal wounds
 p - a potion of resistance
 q - 3 potions of magic {unknown}
 r - 2 potions of curing {unknown}
 s - 2 potions of cancellation {unknown}
 v - a potion of invisibility {unknown}
 w - a potion of berserk rage {unknown}
 x - a potion of ambrosia {unknown}


   Skills:
 * Level 10.5 Fighting
 + Level 5.4 Dodging
 + Level 5.7 Unarmed Combat
 * Level 9.2 Spellcasting
 + Level 5.4 Transmutations
 - Level 2.0 Ice Magic
 - Level 2.0 Poison Magic


You had 17 spell levels left.
You knew the following spells:

 Your Spells              Type           Power      Damage    Failure   Level
a - Beastly Appendage     Tmut           42%        N/A       6%          1
b - Wereblood             Tmut           21%        N/A       8%          2
c - Spider Form           Tmut/Pois      16%        N/A       21%         3
d - Ice Form              Ice/Tmut       16%        N/A       45%         4

Your spell library contained the following spells:

 Spells                   Type           Power      Damage    Failure   Level
 Apportation              Tloc           12%        N/A       28%         1
 Ignite Poison            Fire/Tmut/Pois 13%        N/A       28%         3
 Static Discharge         Conj/Air       6%         3-4/arc   36%         2
 Mephitic Cloud           Conj/Pois/Air  8%         N/A       47%         3
 Tukima's Dance           Hex            6%         N/A       56%         3
 Alistair's Intoxication  Tmut/Pois      10%        N/A       77%         5
 Yara's Violent Unravell  Hex/Tmut       7%         3d5       87%         5
 Dispel Undead            Necr           6%         3d8       89%         4
 Passage of Golubria      Tloc           6%         N/A       89%         4
 Sticky Flame             Conj/Fire      6%         2d3       89%         4
 Freezing Cloud           Conj/Ice/Air   4%         6-21      98%         5
 Conjure Ball Lightning   Conj/Air       3%         3x3d6     100%        6
 Discord                  Hex            3%         N/A       100%        8
 Disjunction              Tloc           3%         N/A       100%        8


Dungeon Overview and Level Annotations

Branches:
Dungeon (8/15)             Temple (1/1) D:5           Sewer (visited)
   Lair: D:8-11

Altars:
Ashenzari
Cheibriados
Dithmenos
Elyvilon
Fedhas
Gozag
Hepliaklqana
Makhleb
Nemelex Xobeh
Okawaru
Qazlal
Ru
Sif Muna
Trog
Vehumet
Wu Jian
Xom
Yredelemnul
Zin
The Shining One

Shops:
D:7 ?


Innate Abilities, Weirdness & Mutations

You are a venomous arachnid creature.
You have poisonous fangs.
You are tiny and dextrous.
Your spellcasting is less reliable in this form.
Your armour is entirely melded.
You are incapable of wielding weapons or throwing items.
You are too large for most types of armour.
((You have tough skin. (AC +1)))


Message History

The jelly is lightly wounded.
The jelly closely misses you.
You bite the jelly!
Your front legs burn!
The jelly is heavily wounded.
The jelly hits you.
You are splashed with acid!
You hit the jelly. The acid corrodes you!
Your front legs burn!
The jelly is almost dead.
The jelly misses you.
An orc warrior comes into view. It is wielding a +0 scimitar.
You hit the jelly.
Your front legs burn!
The jelly is almost dead.
You kill the jelly!
You bite the slime creature!
The slime creature looks as sick as possible!
The slime creature is heavily wounded.
The slime creature hits you.
You bite the slime creature!
The slime creature is severely wounded.
Your transformation is almost over.
The slime creature completely misses you.
You are too injured to fight recklessly!
You are too injured to fight recklessly!
You hit the slime creature.
The slime creature is severely wounded.
The slime creature barely misses you. The orc warrior closely misses you.
You are too injured to fight recklessly!
You hit the orc warrior.
The orc warrior is poisoned.
The orc warrior is lightly wounded.
The slime creature hits you!
The orc warrior hits you with a +0 scimitar!
* * * LOW HITPOINT WARNING * * *
You completely miss the orc warrior.
The orc warrior is lightly wounded.
The orc warrior barely misses you. The slime creature misses you.
The orc warrior hits you with a +0 scimitar!
* * * LOW HITPOINT WARNING * * *
The orc warrior attacks as you move away!
The orc warrior hits you with a +0 scimitar!
You die...
Your body crumbles into a pile of gold.

#................
#.###...######.##
#.##..#...####.##
#.##....#.#......
#.##.#.##........
#.##.#.####.#####
#########.##.#.# #.####
#.........<....# #.)..#
#.######s##..#.###..##.##
#.##...$oJ$.......... ..
#.##['################ #
#....#.........#
####.#.#.#.#.#.#
#.##.#.#.#.# #..#.......#
##.##.....## ..#.#.#.#


You could see a slime creature (very poisoned) and an orc warrior (very
poisoned).

Vanquished Creatures
  A two-headed ogre (D:8)
  Pikel (D:7)
  A troll (D:7)
  Sigmund (D:2)
  A steam dragon (D:8)
  Duvessa (D:7)
  2 water moccasins
  2 orc warriors
  Pargi (D:3)
  3 sky beasts
  An ice beast (D:5)
  A black bear (D:5)
  4 centaurs
  4 ogres
  A phantom (D:6)
  A lemure (D:7)
  A kobold brigand (D:8)
  A necrophage (D:5)
  4 bullfrogs
  2 scorpions
  3 wights (D:6)
  Dowan (D:7)
  5 killer bees (D:8)
  4 howler monkeys
  A jelly (D:8)
  6 hounds
  Crazy Yiuf (D:2)
  A gnoll bouda (D:7)
  5 orc priests
  2 iguanas (D:6)
  5 orc wizards
  Robin (D:2)
  8 gnolls
  6 adders
  2 white imps
  2 worms
  2 dart slugs
  29 orcs
  6 endoplasms
  9 giant cockroaches
  14 goblins
  12 hobgoblins
  3 jackals (D:3)
  2 quokkas
  8 ball pythons
  7 bats
  6 frilled lizards
  8 kobolds
  4 rats
197 creatures vanquished.

Vanquished Creatures (others)
  2 plants (D:8)
2 creatures vanquished.

Grand Total: 199 creatures vanquished

Notes
Turn   | Place    | Note
-------+----------+-------------------------------------------
     0 | D:1      | Zeld the Ogre Transmuter began the quest for the Orb.
     0 | D:1      | Reached XP level 1. HP: 19/19 MP: 3/3
   288 | D:1      | Reached XP level 2. HP: 17/28 MP: 3/5
   414 | D:1      | Learned a level 2 spell: Wereblood
   458 | D:1      | Reached skill level 2 in Fighting
   788 | D:1      | HP: 1/28 [gnoll/+0 club (5)]
   792 | D:1      | Reached XP level 3. HP: 2/36 MP: 4/7
  1440 | D:2      | Learned a level 3 spell: Spider Form
  1890 | D:2      | Reached XP level 4. HP: 33/44 MP: 6/8
  1893 | D:2      | Noticed Sigmund
  2205 | D:2      | Killed Sigmund
  2206 | D:2      | Reached skill level 4 in Fighting
  2206 | D:2      | Reached XP level 5. HP: 46/54 MP: 6/11
  2253 | D:2      | Learned a level 4 spell: Ice Form
  2262 | D:2      | Reached XP level 6. HP: 59/62 MP: 8/12
  2338 | D:2      | Found a faded altar of an unknown god.
  2366 | D:2      | You fall into a shaft and drop 1 floor!
  2492 | D:2      | Noticed Robin
  2514 | D:2      | Killed Robin
  3203 | D:2      | Found a runed translucent door.
  3235 | D:2      | Noticed Crazy Yiuf
  3398 | D:2      | Killed Crazy Yiuf
  3922 | D:3      | Noticed Pargi
  3931 | D:3      | Killed Pargi
  3932 | D:3      | Reached skill level 1 in Ice Magic
  3932 | D:3      | Reached skill level 1 in Poison Magic
  3932 | D:3      | Reached XP level 7. HP: 60/71 MP: 10/13
  4122 | D:3      | Found a hazy altar of Hepliaklqana.
  4196 | D:3      | Found a radiant altar of Vehumet.
  4340 | D:3      | Found a shimmering blue altar of Sif Muna.
  4340 | D:3      | Found a blossoming altar of Fedhas.
  4936 | D:4      | Reached skill level 5 in Fighting
  5125 | D:4      | Reached skill level 5 in Spellcasting
  5183 | D:4      | Found a glowing drain.
  5193 | Sewer    | Entered a sewer
  5767 | D:4      | Found a bloodstained altar of Trog.
  5858 | D:4      | Reached XP level 8. HP: 80/83 MP: 13/16
  6120 | D:5      | Entered Level 5 of the Dungeon
  6352 | D:5      | Found a staircase to the Ecumenical Temple.
  6374 | D:5      | Reached skill level 6 in Fighting
  6413 | Temple   | Entered the Ecumenical Temple
  6738 | Temple   | Became a worshipper of Gozag Ym Sagoz the Greedy
  7838 | D:5      | Reached skill level 7 in Fighting
  8154 | D:5      | Found a basalt altar of Yredelemnul.
  8521 | D:6      | Reached XP level 9. HP: 47/93 MP: 12/19
  9107 | D:6      | Reached skill level 8 in Fighting
 10331 | D:7      | Noticed Pikel
 10346 | D:7      | Killed Pikel
 10347 | D:7      | Reached skill level 5 in Unarmed Combat
 10394 | D:7      | Noticed Duvessa
 10394 | D:7      | Noticed Dowan
 10404 | D:7      | Killed Duvessa
 10420 | D:7      | Killed Dowan
 10635 | D:7      | Reached skill level 9 in Fighting
 11307 | D:7      | Reached XP level 10. HP: 107/107 MP: 17/22
 11316 | D:7      | Reached skill level 5 in Dodging
 11316 | D:7      | Reached skill level 5 in Transmutations
 11560 | D:7      | Identified the +1 ring mail of Altruism {rC- Regen+ rCorr
                  | Str+6}
 11792 | D:7      | Bought a scroll of identify for 28 gold pieces
 11792 | D:7      | Bought a scroll of identify for 28 gold pieces
 11792 | D:7      | Bought a scroll of teleportation for 42 gold pieces
 12370 | D:8      | Reached skill level 10 in Fighting
 12721 | D:8      | Noticed a two-headed ogre
 12729 | D:8      | Killed a two-headed ogre
 13137 | D:8      | Slain by an orc warrior

Illustrated notes

Levels and vault maps discovered:
D:1:      dpeg_arrival_windows_large_door, layout_basic, skrybe_limestone_x
D:2:      layout_loops_ring, ebering_ecumenical_altar_ruins, uniq_robin,
          uniq_crazy_yiuf_cottage, uniq_sigmund
D:3:      layout_loops_cross, nicolae_vehumet_radiance,
          amethyst_overflow_temple_binary, mainiacjoe_overflow_cross_hatched,
          minmay_goblin_kobold_house, uniq_pargi
D:4:      layout_rooms, trog_three_pillars_becter, portal_sewer_entry_f,
          grunt_decor_resistance
D:5:      layout_basic, yredelemnul_altar_generic, minmay_temple_entry_statues
D:6:      layout_basic
D:7:      layout_basic, uniq_duvessa, uniq_pikel
D:8:      minmay_the_grid_triangle_9x9_recursive_2
          [minmay_the_grid_triangle_9x9_prize_insulated,
          minmay_the_grid_triangle_9x9_sprig,
          minmay_the_grid_triangle_9x9_zippers_horizontal,
          minmay_the_grid_triangle_9x9_sparse_checkered], layout_loops_ring,
          mainiacjoe_overflow_catwalk, erik_lair_orcish_takeover, hex_tiny
Temple:   minmay_temple_curvy_branch

Skill      XL: |  1  2  3  4  5  6  7  8  9 10 |
---------------+-------------------------------+-----
Fighting       | 2 4 5 7 9 10 | 10.5
Transmutations | 2 3 4 5 |  5.4
Dodging        | 2 3 4 5 |  5.4
Spellcasting   | 3 4 5 6 8 9 |  9.2
Unarmed Combat | 3 4 5 |  5.7
Ice Magic      | 1 2 |  2.0
Poison Magic   | 1 2 |  2.0

Action                   |  1- 3 |  4- 6 |  7- 9 | 10-12 || total
-------------------------+-------+-------+-------+-------++-------
Melee: Unarmed           |   101 |   107 |   365 |   109 ||   682
       Kick              |    12 |     2 |       |       ||    14
       Headbutt          |    11 |     1 |     1 |       ||    13
       Punch             |     1 |       |     3 |       ||     4
 Cast: Beastly Appendage |    19 |     6 |     3 |       ||    28
       Spider Form       |       |    11 |    43 |     5 ||    59
       Wereblood         |       |       |     5 |     2 ||     7
       Ice Form          |       |       |    16 |     4 ||    20
Invok: Call Merchant     |       |       |       |     1 ||     1
  Use: Scroll            |       |       |       |    15 ||    15
 Stab: Sleeping          |       |       |     1 |       ||     1
Armor: Robe              |    49 |    19 |    31 |     1 ||   100
       Skin              |       |     8 |    39 |    22 ||    69
Dodge: Dodged            |    71 |    86 |   309 |   119 ||   585
